 Dungeon Crawl Stone Soup version 0.16.2-12-gd0ad4c3 (webtiles) character file.

2681 Peloso the Protected (level 9, -5/79 HPs)
             Began as a Minotaur Fighter on Sept 23, 2015.
             Was a Believer of Okawaru.
             Killed from afar by an electric eel (14 damage)
             ... with a bolt of electricity
             ... on level 8 of the Dungeon.
             The game lasted 00:21:39 (6524 turns).

Peloso the Protected (Minotaur Fighter)             Turns: 6524, Time: 00:21:39

Health: -5/79      AC: 16    Str: 24    XL:     9   Next: 37%
Magic:  4/4        EV:  9    Int:  5    God:    Okawaru [**....]
Gold:   408        SH: 12    Dex: 12    Spells: 0 memorised, 8 levels left

rFire  . . .     SeeInvis .     a - +1 long sword
rCold  . . .     Clarity  .     n - +0 chain mail
rNeg   . . .     SustAb   .     c - +0 shield
rPois  .         Gourm    .     (helmet restricted)
rElec  .         Spirit   .     (no cloak)
rCorr  .         Warding  .     I - +0 pair of gloves (curse)
rMut   .         Stasis   .     w - +2 pair of boots
MR     +....                    (no amulet)
Stlth  ..........               r - +2 ring of dexterity
                                j - ring of protection from magic

@: about to teleport, somewhat resistant to hostile enchantments, extremely
unstealthy
A: retaliatory headbutt, horns 2
a: Heroism, Renounce Religion


You were on level 8 of the Dungeon.
You worshipped Okawaru.
Okawaru was pleased with you.
You were not hungry.

You visited 2 branches of the dungeon, and saw 9 of its levels.

You collected 408 gold pieces.

Inventory:

Hand weapons
 a - a +1 long sword (weapon)
Armour
 c - a +0 shield (worn)
 n - a +0 chain mail (worn)
 w - a +2 pair of boots (worn)
 I - a cursed +0 pair of gloves (worn)
Jewellery
 j - a ring of protection from magic (left hand)
 r - a +2 ring of dexterity (right hand)
 z - an uncursed ring of sustain abilities
Magical devices
 b - a wand of random effects (22)
 i - a wand of magic darts (19)
Scrolls
 g - 3 scrolls of enchant weapon
 k - 2 scrolls of remove curse
 l - 6 scrolls of identify
 o - a scroll of fog
 t - 2 scrolls of amnesia
Potions
 e - a potion of might
 f - 6 potions of curing
 s - 2 potions of mutation {unknown}
 u - 2 potions of berserk rage {unknown}
 v - 2 potions of agility {unknown}
 x - a potion of invisibility {unknown}
 A - a potion of magic
 C - a potion of cancellation {unknown}
 D - a potion of ambrosia {unknown}
Comestibles
 d - 4 bread rations
 h - 2 chunks of flesh
 p - 4 meat rations
 q - a slice of pizza
 B - a beef jerky
 F - 22 fruits


   Skills:
 + Level 7.0 Fighting
 + Level 6.4 Long Blades
 + Level 9.1 Armour
 + Level 4.3 Dodging
 + Level 1.0 Stealth
 + Level 9.0 Shields
 + Level 0.6 Invocations


You had 8 spell levels left.
You didn't know any spells.

Dungeon Overview and Level Annotations

Branches:
Dungeon (8/15)             Temple (1/1) D:4
   Lair: D:8-11

Altars:
Ashenzari
Cheibriados
Dithmenos
Elyvilon
Gozag
Kikubaaqudgha
Makhleb
Nemelex Xobeh
Okawaru
Qazlal
Trog
Vehumet
Yredelemnul
Zin
The Shining One


Innate Abilities, Weirdness & Mutations

You reflexively headbutt those who attack you in melee.
You have a pair of horns on your head.


Message History

You headbutt the electric eel, but do no damage.
The electric eel shoots out a bolt of lightning at you!
The bolt of electricity hits you!
The electric eel shoots out a bolt of lightning at you!
The bolt of electricity hits you!
The electric eel shoots out a bolt of lightning at you!
The bolt of electricity hits you!
* * * LOW HITPOINT WARNING * * *
You closely miss the electric eel.
Read which item? (? for menu, Esc to quit)
As you read the scroll of teleportation, it crumbles to dust.
You feel strangely unstable.
The electric eel shoots out a bolt of lightning at you!
The bolt of electricity hits you!
* * * LOW HITPOINT WARNING * * *
Drink which item? (? for menu, Esc to quit)
It was a potion of curing.
You feel better.
The electric eel shoots out a bolt of lightning at you!
The bolt of electricity hits you!
You die...

..####...#........
..####...#.......≈..≈
...+.....#............
...#.....#........≈≈≈≈≈
...#.....'.........≈≈≈≈≈
...#.....#.........≈≈≈≈.
...#.[...#..........≈≈≈≈
...#.....#>........≈≈≈≈..
######+###......@;≈≈.≈≈≈.
.............#+#....≈≈≈..
.............#.....;≈≈≈≈
............%)......≈≈≈≈
.............#......≈..≈
.............#....≈.≈..
.............##+......
######+###.... ..##...
.........#.... ..+ .


You could see 2 electric eels.

Vanquished Creatures
  Pikel (D:7)
  A troll (D:7)
  A trapdoor spider (D:7)
  2 wolves (D:8)
  A hippogriff (D:7)
  An orc warrior (D:6)
  A black bear (D:8)
  An ogre (D:7)
  A sky beast (D:7)
  2 slaves (D:7)
  A phantom (D:5)
  Duvessa (D:7)
  2 giant frogs
  Dowan (D:7)
  6 hounds
  A crimson imp (D:7)
  A goliath beetle (D:6)
  3 centaur skeletons
  2 orc priests
  A giant frog skeleton (D:5)
  An iguana (D:5)
  2 orc wizards (D:4)
  3 worker ants
  8 adders
  3 gnolls (D:5)
  A shadow imp (D:6)
  A giant mite (D:6)
  A worm (D:2)
  An adder skeleton (D:6)
  5 giant geckos
  10 orcs
  A bat zombie (D:6)
  2 giant cockroaches (D:1)
  12 goblins
  10 hobgoblins
  10 jackals
  5 quokkas
  A ball python (D:3)
  13 bats
  2 giant newts (D:2)
  15 kobolds
  A quokka skeleton (D:7)
  27 rats
166 creatures vanquished.

Vanquished Creatures (others)
  A jelly (D:5)
1 creature vanquished.

Grand Total: 167 creatures vanquished

Notes
Turn   | Place    | Note
--------------------------------------------------------------
     0 | D:1      | Peloso, the Minotaur Fighter, began the quest for the Orb.
     0 | D:1      | Reached XP level 1. HP: 19/19 MP: 1/1
    56 | D:1      | Reached XP level 2. HP: 27/27 MP: 1/1
   215 | D:1      | Reached skill level 4 in Shields
   518 | D:2      | Reached XP level 3. HP: 29/33 MP: 2/2
   805 | D:2      | Found a basalt altar of Yredelemnul.
   854 | D:2      | Found a radiant altar of Vehumet.
   854 | D:2      | Found a burning altar of Makhleb.
  1031 | D:2      | Reached XP level 4. HP: 32/40 MP: 2/2
  1380 | D:2      | You fall through a shaft!
  1563 | D:3      | Reached skill level 1 in Dodging
  1815 | D:3      | Reached XP level 5. HP: 47/47 MP: 2/2
  1858 | D:3      | Reached skill level 5 in Shields
  2569 | D:4      | Found a staircase to the Ecumenical Temple.
  2584 | Temple   | Entered the Ecumenical Temple
  2594 | Temple   | Became a worshipper of Warmaster Okawaru
  2928 | D:5      | Entered Level 5 of the Dungeon
  2929 | D:5      | Reached skill level 5 in Fighting
  2929 | D:5      | Reached XP level 6. HP: 54/56 MP: 3/3
  2936 | D:5      | Reached skill level 5 in Armour
  3325 | D:5      | Noticed a phantom
  3341 | D:5      | Killed a phantom
  3492 | D:5      | Found a stormy altar of Qazlal.
  3606 | D:6      | Acquired Okawaru's first power
  3606 | D:6      | Reached skill level 6 in Shields
  3606 | D:6      | Reached XP level 7. HP: 61/61 MP: 3/3
  4092 | D:6      | HP: 3/62 [goliath beetle (12)]
  5342 | D:7      | Noticed Duvessa
  5342 | D:7      | Noticed Dowan
  5363 | D:7      | Killed Duvessa
  5374 | D:7      | Killed Dowan
  5487 | D:7      | Noticed a troll
  5515 | D:7      | Killed a troll
  5515 | D:7      | Reached skill level 7 in Armour
  5515 | D:7      | Reached XP level 8. HP: 10/70 MP: 3/3
  5786 | D:7      | Noticed Pikel
  5821 | D:7      | Reached skill level 5 in Long Blades
  5828 | D:7      | Killed Pikel
  5828 | D:7      | Reached skill level 8 in Armour
  5828 | D:7      | Reached skill level 1 in Stealth
  5929 | D:7      | Found a white marble altar of Elyvilon.
  5948 | D:7      | Found a glowing golden altar of the Shining One.
  5952 | D:7      | Found a sparkling altar of Nemelex Xobeh.
  6079 | D:7      | Reached XP level 9. HP: 64/78 MP: 4/4
  6485 | D:8      | Reached skill level 9 in Armour
  6523 | D:8      | HP: 1/79 [electric eel/bolt of electricity (14)]
  6524 | D:8      | Killed from afar by an electric eel

Action                   |  1- 3 |  4- 6 |  7- 9 || total
-------------------------+-------+-------+-------++-------
Melee: Long sword        |   120 |   155 |   244 ||   519
Invok: Heroism           |       |       |     4 ||     4
  Use: Scroll            |       |     5 |     8 ||    13
       Potion            |       |       |     3 ||     3
  Eat: Chunk             |       |     6 |     6 ||    12
       Beef jerky        |       |     1 |       ||     1
       Pizza             |       |       |     2 ||     2
       Royal jelly       |       |       |     1 ||     1
       Fruit             |       |       |     1 ||     1
